 Dungeon Crawl Stone Soup version 0.20-a0-903-g7e3609c (webtiles) character file.

326 Patate the Covert (level 6, -1/28 HPs)
             Began as a Spriggan Enchanter on Mar 20, 2017.
             Slain by an iguana (9 damage)
             ... on level 4 of the Dungeon.
             The game lasted 00:31:43 (8054 turns).

Patate the Covert (Spriggan Enchanter)              Turns: 8054, Time: 00:31:44

Health: -1/28      AC:  3    Str:  7    XL:     6   Next: 24%
Magic:  2/3        EV: 21    Int: 17    God:
Gold:   328        SH:  0    Dex: 17    Spells: 4/10 levels left

rFire    . . .     SeeInvis +   i - +0 dagger (antimagic)
rCold    . . .     Gourm    .   b - +1 robe
rNeg     . . .     Faith    .   (shield restricted)
rPois    .         Spirit   .   (helmet restricted)
rElec    .         Reflect  .   (no cloak)
rCorr    +         Harm     .   (gloves unavailable)
MR       +....                  (boots unavailable)
Stlth    ++++......             (no amulet)
Regen    0.1/turn               x - ring of resist corrosion
MPRegen  0.1/turn               m - +2 ring of strength

@: very slightly contaminated, very quick
A: unfitting armour, see invisible, herbivore 3, speed 3, slow metabolism 2
a: no special abilities


You were on level 4 of the Dungeon.
You were very hungry.

You visited 1 branch of the dungeon, and saw 5 of its levels.

You collected 328 gold pieces.

Inventory:

Hand Weapons
 a - a +1 dagger
 i - a +0 antimagic dagger (weapon)
Armour
 b - a +1 robe (worn)
Jewellery
 m - a +2 ring of strength (left hand)
 x - a ring of resist corrosion (right hand)
Wands
 t - a wand of scattershot (4/9)
 w - a wand of lightning (7/15)
Scrolls
 e - 2 scrolls of random uselessness
 g - a scroll of enchant armour
 h - 3 scrolls of amnesia
 j - a scroll of remove curse
 k - 2 scrolls of teleportation
 n - 3 scrolls of fear {unknown}
 o - 3 scrolls of magic mapping
 q - 2 scrolls of recharging {unknown}
 r - 2 scrolls of blinking {unknown}
 u - 2 scrolls of identify {unknown}
Potions
 f - 2 potions of curing {unknown}
 p - 2 potions of haste {unknown}
 s - a potion of brilliance {unknown}
 v - 4 potions of mutation {unknown}
 z - a potion of cancellation {unknown}
 A - 2 potions of magic {unknown}
Books
 c - a book of Maledictions

   Spells                             Type                      Level
   a - Corona                         Hexes                        1
   b - Ensorcelled Hibernation        Hexes/Ice                    2
   c - Confuse                        Hexes                        3
   d - Tukima's Dance                 Hexes                        3
   e - Dazzling Spray                 Conjuration/Hexes            3
Comestibles
 d - 5 bread rations
 l - 2 royal jellies


   Skills:
 + Level 2.2 Short Blades
 + Level 5.5 Dodging
 * Level 9.1 Stealth
 - Level 2.6 Spellcasting
 - Level 3.6 Hexes


You had 4 spell levels left.
You knew the following spells:

 Your Spells              Type           Power        Failure   Level  Hunger
a - Corona                Hex            ##.....      4%          1    #......
b - Ensorcelled Hibernat  Hex/Ice        #.....       17%         2    ##.....
c - Confuse               Hex            ##......     14%         3    ###....


Dungeon Overview and Level Annotations

Branches:
Dungeon (5/15)
 Temple: D:4-7

Altars:
Ru
Uskayaw


Innate Abilities, Weirdness & Mutations

You are very small and have problems with some larger weapons.
You are too small for most types of armour.
You have supernaturally acute eyesight. (SInv)
You are a herbivore.
You cover ground extremely quickly.
You need consume almost no food.


Message History

The iguana misses you.
You hit the iguana.
The iguana is heavily wounded.
The iguana bites you!
* * * LOW HITPOINT WARNING * * *
You hit the iguana but do no damage.
The iguana is heavily wounded.
The iguana closely misses you.
You hit the iguana.
The iguana is heavily wounded.
The iguana completely misses you.
You hit the iguana but do no damage.
The iguana is heavily wounded.
The iguana barely misses you.
You hit the iguana but do no damage.
The iguana is heavily wounded.
You hit the iguana but do no damage.
The iguana is heavily wounded.
The iguana bites you!
You die...

#.# #.#.### #.####...#
###############'#......#
...............>.......#
#############........(.#
#....'..........#
#.####..........# #.#
#..........# ########(#
#...@......# ..##.....#
#....l.....# ..##.....#
#..........#
..++.....####..........#
..##.......##..........#
########
..##.......####'########
#....... ..##.......##
#.....# #.######
..######....# #####.#
#.# ########....## #.#
#.#


You could see an iguana.

Vanquished Creatures
  A howler monkey (D:4)
  Terence (D:2)
  2 worker ants
  A hound skeleton (D:4)
  8 adders
  2 gnolls
  2 oozes
  3 worms (D:2)
  3 dart slugs
  3 leopard geckos
  4 orcs
  4 giant cockroaches
  13 goblins
  8 hobgoblins
  2 jackals (D:1)
  4 quokkas
  3 ball pythons
  8 bats
  3 frilled lizards
  A jackal skeleton (D:4)
  6 kobolds
  10 rats
92 creatures vanquished.

Notes
Turn   | Place    | Note
-------+----------+-------------------------------------------
     0 | D:1      | Patate the Spriggan Enchanter began the quest for the Orb.
     0 | D:1      | Reached XP level 1. HP: 9/9 MP: 5/5
   207 | D:1      | Reached skill level 5 in Stealth
   338 | D:1      | Reached XP level 2. HP: 13/13 MP: 6/6
   808 | D:1      | Learned a level 2 spell: Ensorcelled Hibernation
  1794 | D:2      | Reached XP level 3. HP: 16/16 MP: 8/8
  1826 | D:2      | Reached skill level 6 in Stealth
  2657 | D:2      | Learned a level 3 spell: Confuse
  2713 | D:2      | Reached XP level 4. HP: 14/21 MP: 2/9
  2999 | D:2      | Reached skill level 7 in Stealth
  3077 | D:2      | Noticed Terence
  3083 | D:2      | Killed Terence
  3557 | D:2      | Found a sacrificial altar of Ru.
  3604 | D:3      | Reached XP level 5. HP: 24/24 MP: 10/10
  3676 | D:3      | Reached skill level 8 in Stealth
  3773 | D:2      | Reached skill level 5 in Dodging
  4260 | D:3      | Found a hide-covered altar of Uskayaw.
  7159 | D:4      | Reached XP level 6. HP: 28/28 MP: 1/11
  7425 | D:5      | Entered Level 5 of the Dungeon
  7645 | D:4      | Reached skill level 9 in Stealth
  8054 | D:4      | Slain by an iguana

Vault maps used:
D:1:      tarquinn_simple_flora_water_a, minmay_misc_feat_encased
D:2:      lemuel_coloured_pillars_altar, uniq_terence
D:3:      lemuel_round_altar
D:4:      minmay_goblin_outpost
D:5:      chequers_temple_overflow_statue_of_worship, gup_sewer_entry_spiral,
          first_bread, grunt_decor_clamped

Skill      XL: |  1  2  3  4  5  6 |
---------------+-------------------+-----
Stealth        | 5 6 7 8 9 |  9.1
Dodging        | 4 5 |  5.5
Short Blades   | 2 |  2.2
Spellcasting   | |  2.6
Hexes          | |  3.6

Action                   |  1- 3 |  4- 6 || total
-------------------------+-------+-------++-------
Melee: Dagger            |   149 |   365 ||   514
 Cast: Ensorcelled Hiber |    16 |    43 ||    59
       Confuse           |       |     1 ||     1
  Use: Scroll            |       |     8 ||     8
 Stab: Sleeping          |    19 |    33 ||    52
       Distracted        |     1 |       ||     1
       Confused          |       |     1 ||     1
  Eat: Fruit             |       |     6 ||     6
       Royal jelly       |       |     1 ||     1
Armor: Robe              |    20 |    28 ||    48
Dodge: Dodged            |   130 |   390 ||   520
